 Dungeon Crawl Stone Soup version 0.27.1-34-g3ba077fa99 (webtiles) character file.

Game seed: 3365408897317620311

4 Sharkman1231 the Grave Robber (level 1, 0/14 HPs)
             Began as a Demonspawn Necromancer on Jan 18, 2022.
             Slain by a hobgoblin (3 damage)
             ... on level 1 of the Dungeon.
             The game lasted 00:00:26 (441 turns).

Sharkman1231 the Grave Robber (DsNe)                 Turns: 441, Time: 00:00:26

Health: 0/14       AC:  2    Str:  8    XL:     1   Next: 58%
Magic:  1/3        EV: 12    Int: 16    God:
Gold:   16         SH:  0    Dex: 13    Spells: 3/4 levels left

rFire    . . .     SeeInvis .   b - +0 spear
rCold    . . .     Faith    .   (no shield)
rNeg     . . .     Spirit   .   a - +0 robe
rPois    .         Reflect  .   (no helmet)
rElec    .         Harm     .   (no cloak)
rCorr    .         Rampage  .   (no gloves)
Will     .....                  (no boots)
Stlth    ++........             (no amulet)
HPRegen  0.04/turn              (no ring)
MPRegen  0.08/turn              (no ring)

@: no status effects
A: no striking features
a: no special abilities


You were on level 1 of the Dungeon.
You visited 1 branch of the dungeon, and saw 1 of its levels.

You collected 16 gold pieces.

Inventory:

Hand Weapons
 b - a +0 spear (weapon)
Armour
 a - a +0 robe (worn)
Scrolls
 c - a scroll of summoning {unknown}
Potions
 d - a potion of curing {unknown}


   Skills:
 + Level 0.4 Fighting
 + Level 1.9 Dodging
 - Level 1.7 Stealth
 - Level 2.0 Spellcasting
 + Level 4.4 Necromancy


You had 3 spell levels left.
You knew the following spells:

 Your Spells              Type           Power      Damage    Failure   Level
a - Pain                  Necr           60%        1d7       3%          1

Your spell library contained the following spells:

 Spells                   Type           Power      Damage    Failure   Level
 Animate Skeleton         Necr           30%        N/A       3%          1
 Vampiric Draining        Necr           7%         2d7       10%         3
 Animate Dead             Necr           7%         N/A       32%         4
 Agony                    Necr           15%        N/A       67%         5


Dungeon Overview and Level Annotations

Branches:
Dungeon (1/15)

Altars:

Shops:
D:1 *


Message History

The goblin is moderately wounded.
You barely miss the goblin.
The goblin is moderately wounded.
The goblin barely misses you.
You hit the goblin but do no damage.
The goblin is moderately wounded.
The goblin closely misses you. The hobgoblin misses you.
You closely miss the goblin.
The goblin is moderately wounded.
The goblin closely misses you. The hobgoblin hits you.
You closely miss the goblin.
The goblin is moderately wounded.
The goblin misses you.
The hobgoblin hits you but does no damage.
You barely miss the goblin.
The goblin is moderately wounded.
The goblin closely misses you. The hobgoblin misses you.
The goblin barely misses you.
You closely miss the goblin.
The goblin is moderately wounded.
The hobgoblin barely misses you. The goblin hits you with a +0 club.
You closely miss the goblin.
The goblin is moderately wounded.
The hobgoblin hits you. The goblin hits you with a +0 club.
* * * LOW HITPOINT WARNING * * *
Casting: Pain (safe; 3% risk of failure)
Confirm with . or Enter, or press ? or * to list all spells.
Aiming: Pain (safe; 3% risk of failure)
Press: ? - help, Shift-Dir - straight line, f/p - goblin
Aim: a goblin, wielding a +0 club (moderately wounded, chance to affect: 85%)
The hobgoblin writhes in agony.
Casting: Pain (safe; 3% risk of failure)
Confirm with . or Enter, or press ? or * to list all spells.
Aiming: Pain (safe; 3% risk of failure)
Press: ? - help, Shift-Dir - straight line, f/p - goblin
Aim: a goblin, wielding a +0 club (moderately wounded, chance to affect: 85%)
The goblin writhes in agony!
You kill the goblin!
The hobgoblin hits you.
You die...

......#.......#####
.)................#
........#.#.#.....#
............####.##
#.#.#####.#.# #.# #
#. ###.#.# #.# .
...#.# #.#
#.#####.#.# #.#
.#...8?8...####@##
..............)g.#
...8.8...8...#####
..?..._...##.#
...8.8.8.8##.#
...##........# ..
#8.8###### . ......
######


You could see a hobgoblin.

Vanquished Creatures
  2 goblins (D:1)
  A hobgoblin (D:1)
  A kobold (D:1)
  A bat (D:1)
5 creatures vanquished.

Notes
Turn   | Place    | Note
-------+----------+-------------------------------------------
     0 | D:1      | Sharkman1231 the Demonspawn Necromancer began the quest for
                  | the Orb.
     0 | D:1      | Reached XP level 1. HP: 13/13 MP: 3/3
    23 | D:1      | Found Byrog's Assorted Antiques.
   417 | D:1      | Found a faded altar of an unknown god.
   441 | D:1      | Slain by a hobgoblin

Illustrated notes

Levels and vault maps discovered:
D:1:      dpeg_arrival_rooms_c, layout_basic, serial_shops,
          nicolae_shop_statue_plus, ebering_ecumenical_altar_ruins,
          serial_bayou_crossing

Action                   || total
-------------------------++-------
Melee: Spear             ||    18
       Unarmed           ||     4
 Cast: Pain              ||     8
Armor: Robe              ||     8
Dodge: Dodged            ||    26
